 Dungeon Crawl Stone Soup version 0.26-a0-682-g294304f6e8 (webtiles) character file.

Game seed: 3567934767207653085

(classic levelgen) 48 EnegeticOcto the Digger (level 4, 0/27 HPs)
             Began as a Halfling Earth Elementalist on Oct 20, 2020.
             Slain by an orc
             ... wielding a +0 hand axe
              (5 damage)
             ... on level 1 of the Dungeon.
             The game lasted 00:01:37 (221 turns).

EnegeticOcto the Digger (HaEE)                       Turns: 221, Time: 00:01:38

Health: 0/27       AC:  2    Str:  9    XL:     4   Next: 0%
Magic:  0/6        EV: 15    Int: 14    God:
Gold:   48         SH:  0    Dex: 14    Spells: 5/6 levels left

rFire    . . .     SeeInvis .   a - +0 whip
rCold    . . .     Faith    .   (shield restricted)
rNeg     . . .     Spirit   .   c - +0 robe
rPois    .         Reflect  .   (no helmet)
rElec    .         Harm     .   (no cloak)
rCorr    .         Rampage  .   (no gloves)
MR       +....                  (no boots)
Stlth    ++........             (no amulet)
HPRegen  0.09/turn              e - ring of protection from magic
MPRegen  0.10/turn              (no ring)

@: no status effects
A: small, mutation resistance 1
a: no special abilities


You were on level 1 of the Dungeon.
You visited 1 branch of the dungeon, and saw 2 of its levels.

You collected 48 gold pieces.

Inventory:

Hand Weapons
 a - a +0 whip (weapon)
Missiles
 b - 36 stones (quivered)
Armour
 c - a +0 robe (worn)
Jewellery
 e - a ring of protection from magic (left hand)
Scrolls
 f - a scroll of immolation {unknown}
 g - a scroll of identify {unknown}
 h - a scroll of fear {unknown}
Potions
 d - a potion of cancellation {unknown}


   Skills:
 - Level 2.1 Dodging
 - Level 2.1 Stealth
 - Level 1.5 Spellcasting
   Level 0.5 Transmutations
 + Level 4.6 Earth Magic


You had 5 spell levels left.
You knew the following spells:

 Your Spells              Type           Power        Failure   Level
a - Sandblast             Erth           ##....       3%          1

Your spell library contained the following spells:

 Spells                   Type           Power        Failure   Level
 Passwall                 Tmut/Erth      #.......     13%         2
 Stone Arrow              Conj/Erth      #.....       28%         3
 Petrify                  Tmut/Erth      #.......     65%         4
 Lee's Rapid Deconstruct  Erth           ##........   71%         5


Dungeon Overview and Level Annotations

Branches:
Dungeon (2/15)

Altars:


Innate Abilities, Weirdness & Mutations

You are small and have problems with some larger weapons.
You are somewhat resistant to further mutation.


Message History

The orc priest shouts!
The orc wizard shouts!
The orc shouts!
Found 10 gold pieces.
There is a stone staircase leading up here.
The orc priest invokes the aid of Beogh against you.
Pain shoots through your body! The orc misses you.
You climb upwards.
There is a stone staircase leading down here.
Casting: Sandblast (safe; 5% risk of failure)
Confirm with . or Enter, or press ? or * to list all spells.
Press: ? - help, Shift-Dir - straight line, f - orc priest
Aim: an orc priest, wielding a +0 club The blast of sand misses the orc priest.
b - 43 stones The orc priest hits you with a +0 club.
* * * LOW HITPOINT WARNING * * *
Casting: Sandblast (safe; 5% risk of failure)
Confirm with . or Enter, or press ? or * to list all spells.
Aiming: Sandblast (safe; 5% risk of failure)
Press: ? - help, Shift-Dir - straight line, f/p - orc priest
Aim: an orc priest, wielding a +0 club The blast of sand hits the orc priest.
The orc priest is lightly wounded.
b - 42 stones The orc closely misses you.
Casting: Sandblast (safe; 5% risk of failure)
Confirm with . or Enter, or press ? or * to list all spells.
Aiming: Sandblast (safe; 5% risk of failure)
Press: ? - help, Shift-Dir - straight line, f/p - orc priest
Aim: an orc priest, wielding a +0 club (lightly wounded)
The blast of sand hits the orc priest!
The orc priest is almost dead.
b - 41 stones The orc priest looks encouraged for a moment.
The orc hits you but does no damage.
Casting: Sandblast (safe; 5% risk of failure)
Confirm with . or Enter, or press ? or * to list all spells.
Aiming: Sandblast (safe; 5% risk of failure)
Press: ? - help, Shift-Dir - straight line, f/p - orc priest
Aim: an orc priest, wielding a +0 club (almost dead)
The blast of sand hits the orc priest.
You kill the orc priest!
Your Earth Magic skill increases to level 4!
You have reached level 3!
Your experience leads to an increase in your attributes!
Increase (s)trength, (i)ntelligence, or (d)exterity?
You feel clever.
You have reached level 4!
b - 40 stones The orc closely misses you.
Things that are here:
a +0 club; a cursed -3 club; an orc corpse The orc hits you but does no damage.
A frilled lizard comes into view.
Casting: Sandblast (safe; 3% risk of failure)
Confirm with . or Enter, or press ? or * to list all spells.
Aiming: Sandblast (safe; 3% risk of failure)
Press: ? - help, Shift-Dir - straight line, f - orc
Aim: an orc, wielding a +0 hand axe and wearing a +0 ring mail The blast of sand misses the orc.
b - 39 stones The orc closely misses you.
Casting: Sandblast (safe; 3% risk of failure)
Confirm with . or Enter, or press ? or * to list all spells.
Aiming: Sandblast (safe; 3% risk of failure)
Press: ? - help, Shift-Dir - straight line, f/p - orc
Aim: an orc, wielding a +0 hand axe and wearing a +0 ring mail The blast of sand hits the orc.
The orc is heavily wounded.
b - 38 stones The orc misses you.
You see here a frilled lizard corpse.
Casting: Sandblast (safe; 3% risk of failure)
Confirm with . or Enter, or press ? or * to list all spells.
Aiming: Sandblast (safe; 3% risk of failure)
Press: ? - help, Shift-Dir - straight line, f/p - orc
Aim: an orc, wielding a +0 hand axe and wearing a +0 ring mail (heavily wounded)
The blast of sand hits the orc but does no damage.
The orc is heavily wounded.
b - 37 stones The orc hits you with a +0 hand axe.
You hit the orc.
The orc is heavily wounded.
The orc misses you.
You hit the orc but do no damage.
The orc is heavily wounded.
The orc hits you with a +0 hand axe.
* * * LOW HITPOINT WARNING * * *
You see here a frilled lizard corpse.
Casting: Sandblast (safe; 3% risk of failure)
Confirm with . or Enter, or press ? or * to list all spells.
Aiming: Sandblast (safe; 3% risk of failure)
Press: ? - help, Shift-Dir - straight line, f/p - orc
Aim: an orc, wielding a +0 hand axe and wearing a +0 ring mail (heavily wounded)
The blast of sand hits the orc.
The orc is almost dead.
b - 36 stones You hit the orc.
The orc is almost dead.
The orc hits you with a +0 hand axe.
You die...

........#....###.#####...
#..####.##.#..#..#####.##
.####..# #.#....#.#.........
...l....####>#......#.....###.
....##...........####.....# #.
........##.#†#.#....#.....# #.
....###.##.#.#.####.#....# #.
.. ###.##.#.#o####.#.#.# #.
..#.#.#.#.#..@..)..†....# ##
#.........#.#.####...### #
##.#.#.#.#....# #...#
#.......>)#.### #...#
##.#.#.#.#.## #.#.#
............. ....#
.##.#.#.#.##### ##.#.#
#......... #.#.# ##.#.#.#.#
#.#..


You could see an orc.

Vanquished Creatures
  An orc priest (D:1)
  An ooze (D:1)
  A dart slug (D:1)
  A giant cockroach (D:1)
  2 goblins (D:1)
  2 hobgoblins (D:1)
  2 kobolds (D:1)
  A bat (D:1)
  A frilled lizard (D:1)
  2 rats (D:1)
14 creatures vanquished.

Notes
Turn   | Place    | Note
-------+----------+-------------------------------------------
     0 | D:1      | EnegeticOcto the Halfling Earth Elementalist began the
                  | quest for the Orb.
     0 | D:1      | Reached XP level 1. HP: 11/11 MP: 3/3
    87 | D:1      | Reached XP level 2. HP: 17/17 MP: 1/4
   179 | D:1      | Reached skill level 4 in Earth Magic
   179 | D:1      | Reached XP level 3. HP: 7/21 MP: 0/5
   179 | D:1      | Reached XP level 4. HP: 9/27 MP: 0/6
   221 | D:1      | Slain by an orc

Illustrated notes

Levels and vault maps discovered:
D:1:      lightli_arrival_windingriver, layout_loops_ring, st_stairs_9
D:2:      layout_loops_cross

Skill      XL: |  1  2 |
---------------+-------+-----
Earth Magic    | 4 |  4.6
Dodging        | |  2.1
Stealth        | |  2.1
Spellcasting   | |  1.5
Transmutations | |  0.5

Action                   |  1- 3 |  4- 6 || total
-------------------------+-------+-------++-------
Melee: Whip              |    11 |     3 ||    14
 Cast: Sandblast         |    13 |     5 ||    18
 Stab: Sleeping          |     2 |       ||     2
Armor: Robe              |     2 |     1 ||     3
Dodge: Dodged            |     9 |     4 ||    13

Table legend: (Time is in decaauts)
 A = Elapsed time spent in this place.
 B = Non-inter-level travel time spent in this place.
 C = Inter-level travel time spent in this place.
 D = Time resting spent in this place.
 E = Time spent auto-exploring this place.
 F = Levels seen in this place.
 G = Mean time per level.
                   A        B        C        D        E       F      G
               +--------+--------+--------+--------+--------+-----+--------+
         Total |    230 |    230 |      0 |      0 |      0 |   2 |  115.0 |
       Dungeon |    230 |    230 |      0 |      0 |      0 |   2 |  115.0 |
               +--------+--------+--------+--------+--------+-----+--------+

Top non-repeatable levels by time:
     D:1: 228 daAuts
     D:2: 1 daAuts
